Map: 2000 Atmospheres LE

Players

AGOElazer (Elazer) - Winner!

  • Race: Zerg Zerg
  • League: Grandmaster

GunGFuBanDa

  • Race: Protoss Protoss
  • League: Grandmaster

Event: DreamHack SC2 Masters 2021 Summer

VOD

Have the link to the VOD?

Description

Time

  • Played on: May 19, 2021, noon
  • Length: 13:40

All games in this series

Show
View Real Time Build Order
Export as new Build Order

AGOElazer Zerg - Winner!

Build Orders: Hatch First 

Get SALT Encoding   

  12  0:00  Drone  
  13  0:12  Overlord  
  13  0:17  Drone  
  14  0:30  Drone x2  
  16  0:41  Drone  
  17  0:51  Hatchery  
  17  0:55  Drone  
  17  0:57  Drone  
  18  1:09  Extractor  
  17  1:12  Spawning Pool  
  17  1:15  Drone  
  17  1:18  Drone  
  18  1:28  Drone  
  19  1:38  Drone  
  20  1:49  Overlord  
  20  1:59  Queen  
  22  2:02  Queen  
  22  2:03  Drone  
  22  2:05  Zergling x2  
  26  2:12  Metabolic Boost, Zergling x2  
  26  2:14  Drone  
  28  2:21  Drone  
  29  2:25  Drone  
  30  2:31  Drone  
  30  2:35  Drone  
  32  2:39  Hatchery  
  31  2:44  Queen  
  31  2:49  Overlord  
  33  2:52  Drone  
  33  2:58  Queen  
  36  3:08  Drone x3  
  36  3:09  Overlord  
  36  3:10  Drone  
  40  3:13  Drone  
  40  3:15  Drone  
  40  3:17  Drone  
  40  3:18  Drone  
  44  3:30  Drone, Queen  
  44  3:32  Drone  
  44  3:33  Overlord  
  48  3:36  Drone  
  48  3:38  Spore Crawler  
  48  3:40  Zergling x2  
  49  3:47  Zergling x2  
  49  3:48  Zergling x2  
  51  3:52  Drone x4  
  51  3:55  Roach Warren  
  54  3:56  Drone  
  54  4:00  Overlord  
  55  4:05  Overlord  
  55  4:11  Zergling x8  
  55  4:13  Queen  
  61  4:17  Overlord  
  61  4:24  Zergling x6  
  63  4:29  Overlord  
  63  4:36  Roach x5  
  73  4:42  Roach x2  
  75  4:46  Overlord  
  75  4:47  Roach  
  75  4:49  Zergling x8  
  81  4:55  Queen  
  81  4:57  Roach  
  85  5:06  Roach  
  86  5:08  Zergling x12  
  92  5:20  Overlord, Roach  
  94  5:23  Extractor, Spore Crawler  
  94  5:25  Extractor  
  94  5:26  Drone x8  
  99  5:34  Overlord  
  99  5:35  Overlord  
  99  5:38  Spore Crawler  
  99  5:39  Spore Crawler  
  97  5:43  Drone x3  
  97  5:49  Overlord  
  99  5:51  Lair  
  99  5:56  Overlord  
  98  5:59  Overlord  
  98  6:01  Drone x4  
  98  6:03  Drone  
  103  6:06  Drone x2  
  103  6:10  Overlord  
  103  6:11  Extractor  
  100  6:12  Overlord  
  100  6:15  Drone x2  
  100  6:16  Drone  
  103  6:19  Drone x2  
  103  6:21  Drone  
  106  6:27  Drone x5  
  106  6:31  Evolution Chamber  
  106  6:32  Drone x3  
  113  6:38  Overlord  
  110  6:55  Overlord  
  110  6:58  Drone x3, Zerg Missile Weapons Level 1, Glial Reconstitution  
  113  7:02  Drone  
  113  7:03  Drone  
  113  7:04  Baneling Nest  
  113  7:05  Overlord  
  113  7:10  Extractor  
  113  7:11  Extractor, Drone x3  
  113  7:12  Drone x3  
  113  7:14  Overlord  
  117  7:20  Ravager x4  
  117  7:22  Hatchery, Roach x3  
  126  7:25  Overseer  
  126  7:33  Overlord  
  126  7:35  Roach x3  
  126  7:36  Roach x3  
  138  7:40  Overlord  
  138  7:49  Zergling x10  
  138  7:50  Zergling x4  
  144  7:58  Overlord  
  143  8:03  Zergling x10, Infestation Pit  
  142  8:07  Centrifical Hooks  
  142  8:10  Drone x3  
  145  8:14  Drone x6  
  145  8:15  Evolution Chamber  
  147  8:23  Zergling x4  
  149  8:28  Overlord  
  149  8:32  Zergling x8  
  153  8:36  Drone  
  153  8:37  Drone x5  
  153  8:38  Hatchery, Extractor  
  153  8:40  Hive  
  157  8:44  Overlord  
  157  8:47  Baneling x12  
  156  8:55  Zergling x14  
  163  9:01  Zergling x2  
  163  9:02  Zergling x8  
  168  9:05  Extractor, Zerg Missile Weapons Level 2  
  168  9:06  Zerg Melee Weapons Level 1  
  167  9:10  Roach x2  
  167  9:11  Roach  
  172  9:22  Roach x2  
  172  9:23  Roach  
  178  9:26  Overseer  
  178  9:27  Pneumatized Carapace  
  178  9:28  Zergling x2  
  178  9:29  Zergling x22  
  190  9:31  Overlord  
  189  9:39  Drone x4  
  189  9:40  Drone  
  189  9:44  Drone x2  
  196  9:47  Hatchery  
  196  9:51  Drone  
  196  9:52  Spire, Adrenal Glands  
  195  10:04  Baneling x13  
  191  10:07  Zergling x16  
  191  10:14  Overlord  
  191  10:16  Zergling x2  
  191  10:17  Zergling x18  
  198  10:21  Spine Crawler  
  198  10:28  Baneling x17  
  197  10:35  Spore Crawler  
  197  10:36  Spine Crawler  
  197  10:37  Spine Crawler  
  194  10:43  Baneling x11  
  194  10:54  Baneling x23  
  194  10:56  Zergling x12  
  200  11:00  Zerg Melee Weapons Level 2  
  191  11:16  Zergling x4  
  185  11:21  Roach x12  
  185  11:25  Zergling x14  
  187  11:33  Baneling x7  
  187  11:37  Zergling x26  
  192  11:43  Zergling x14  
  174  11:52  Roach x5  
  156  12:03  Zergling x22  
  139  12:13  Roach x4  
  126  12:17  Ravager x4  
  126  12:20  Roach x3  
  135  12:31  Baneling x12  
  135  12:39  Corruptor  
  135  12:43  Zergling x20  
  148  12:51  Zergling x10  
  148  12:54  Baneling x10  
  152  13:01  Zergling x10  
  156  13:12  Zergling x2  
  156  13:13  Zergling x8  
  156  13:17  Roach x3  
Show
View Real Time Build Order
Export as new Build Order

GunGFuBanDa Protoss 

Build Orders: 1 Gate Expand, Zealot Archon, Archon Drop 

Get SALT Encoding   

  12  0:00  Probe  
  13  0:12  Probe  
  14  0:21  Pylon  
  14  0:24  Probe (Chrono Boost)  
  15  0:40  Probe (Chrono Boost), Gateway  
  16  0:47  Probe (Chrono Boost)  
  17  0:50  Assimilator  
  17  0:55  Probe  
  18  1:07  Probe  
  19  1:19  Probe  
  20  1:26  Nexus  
  20  1:38  Cybernetics Core  
  20  1:40  Probe (Chrono Boost)  
  20  1:46  Assimilator  
  21  1:49  Probe (Chrono Boost)  
  22  1:55  Pylon  
  22  1:58  Probe  
  23  2:11  Adept (Chrono Boost)  
  23  2:13  Probe  
  26  2:24  Twilight Council, Warp Gate  
  26  2:26  Probe  
  27  2:34  Stalker  
  29  2:40  Probe (Chrono Boost)  
  29  2:42  Probe (Chrono Boost)  
  31  2:49  Probe (Chrono Boost)  
  33  2:52  Probe (Chrono Boost)  
  33  2:54  Robotics Facility  
  33  2:55  Probe  
  33  2:57  Resonating Glaives (Chrono Boost)  
  34  3:02  Probe  
  35  3:07  Probe  
  35  3:11  Adept  
  38  3:18  Gateway  
  38  3:27  Gateway  
  38  3:30  Gateway  
  38  3:33  Probe x2  
  40  3:40  Warp Prism (Chrono Boost)  
  40  3:46  Pylon  
  42  3:49  Probe  
  42  3:50  Probe  
  44  3:56  Pylon  
  44  4:01  Probe  
  45  4:03  Dark Shrine  
  45  4:04  Probe  
  46  4:13  Probe, Adept  
  46  4:14  Adept  
  46  4:16  Probe  
  52  4:19  Assimilator  
  52  4:25  Probe  
  52  4:27  Adept  
  52  4:30  Probe  
  56  4:33  Pylon  
  56  4:37  Probe  
  56  4:38  Adept x2  
  61  4:46  Probe  
  61  4:50  Assimilator  
  61  4:51  Probe  
  63  4:53  Pylon  
  63  4:54  Pylon  
  63  5:01  Adept x3  
  63  5:03  Observer  
  70  5:16  Probe x2  
  70  5:19  Pylon  
  72  5:21  Dark Templar  
  72  5:22  Dark Templar  
  72  5:27  Zealot  
  72  5:28  Probe  
  79  5:41  Immortal (Chrono Boost)  
  79  5:42  Nexus  
  79  5:44  Pylon  
  79  5:46  Robotics Bay  
  83  5:51  Adept  
  83  5:56  Adept  
  85  5:57  Pylon  
  85  6:02  Observer  
  85  6:08  Probe x2  
  85  6:12  Shield Battery  
  85  6:14  Archon, Dark Templar x2  
  89  6:20  Probe, Archon  
  89  6:24  Probe  
  91  6:27  Forge  
  91  6:30  Disruptor (Chrono Boost)  
  91  6:31  Pylon  
  91  6:32  Probe  
  92  6:36  Probe (Chrono Boost)  
  96  6:44  Probe (Chrono Boost)  
  97  6:49  Probe (Chrono Boost)  
  100  6:55  Probe (Chrono Boost), Charge  
  100  6:56  Probe (Chrono Boost)  
  100  6:57  Sentry  
  100  6:58  Probe (Chrono Boost)  
  100  6:59  Observer, Assimilator  
  103  7:03  Probe x2 (Chrono Boost)  
  103  7:06  Probe (Chrono Boost)  
  103  7:07  Disruptor (Chrono Boost)  
  104  7:08  Probe (Chrono Boost)  
  104  7:10  Probe  
  104  7:14  Assimilator  
  104  7:15  Probe  
  108  7:17  Gateway  
  108  7:19  Protoss Ground Weapons Level 1 (Chrono Boost)  
  108  7:20  Probe  
  108  7:21  Gateway  
  109  7:23  Zealot  
  109  7:26  Probe  
  109  7:27  Probe  
  113  7:31  Gateway  
  113  7:33  Gateway  
  113  7:36  Immortal  
  117  7:50  Zealot x4  
  125  7:51  Probe  
  125  7:52  Probe  
  125  7:57  Templar Archives  
  127  7:59  Gateway  
  127  8:00  Gateway  
  126  8:08  Pylon  
  126  8:11  Pylon  
  126  8:22  Photon Cannon  
  126  8:23  Pylon  
  126  8:33  Zealot x4, Sentry x2  
  126  8:34  Zealot  
  140  8:42  Immortal  
  140  8:48  Nexus  
  144  8:49  Pylon  
  144  8:51  Probe x2  
  144  8:52  Probe  
  147  9:02  High Templar  
  149  9:05  Psionic Storm  
  149  9:09  Pylon  
  149  9:11  Pylon  
  149  9:13  Photon Cannon, High Templar  
  149  9:14  High Templar x2  
  149  9:15  High Templar  
  149  9:16  High Templar  
  157  9:17  Archon  
  157  9:18  Archon  
  157  9:20  Archon  
  157  9:26  Photon Cannon, Gravitic Drive  
  157  9:27  Probe, Photon Cannon  
  158  9:35  Probe x2, Photon Cannon  
  158  9:37  Photon Cannon, Shield Battery  
  160  9:38  Protoss Ground Weapons Level 2 (Chrono Boost)  
  160  9:41  High Templar x2  
  164  9:53  Zealot x4  
  171  10:07  Probe  
  171  10:10  Zealot x4  
  171  10:14  Immortal  
  171  10:20  Zealot x6  
  169  10:25  Assimilator  
  169  10:29  Assimilator  
  169  10:31  High Templar x2  
  171  10:48  High Templar x2, Stargate  
  171  10:49  Probe  
  174  10:51  Probe  
  174  10:53  Warp Prism  
  174  10:56  Archon  
  177  10:57  Zealot x5  
  177  11:01  Blink  
  177  11:02  Photon Cannon  
  187  11:04  Pylon  
  187  11:06  Pylon  
  173  11:23  Zealot x4  
  173  11:24  Zealot x3  
  179  11:26  Probe  
  179  11:30  Zealot x2, Dark Templar  
  142  11:47  Zealot x7  
  139  11:55  Zealot x2  
  135  12:04  Archon  
  135  12:08  Probe (Chrono Boost)  
  110  12:09  Zealot x7  
  110  12:13  Probe (Chrono Boost)  
  110  12:14  Probe x2 (Chrono Boost)  
  99  12:18  Probe (Chrono Boost)  
  99  12:21  Probe x2 (Chrono Boost), Immortal (Chrono Boost)  
  90  12:23  High Templar x3  
  90  12:27  Archon  
  90  12:29  Sentry  
  100  12:30  High Templar  
  100  12:32  High Templar  
  100  12:33  High Templar x3  
  100  12:34  Archon  
  100  12:36  Archon  
  110  12:37  Archon  
  110  12:39  Sentry  
  112  12:50  Disruptor (Chrono Boost)  
  112  12:53  Probe x2  
  112  12:54  Shield Battery  
  112  12:58  Dark Templar x2  
  119  13:03  High Templar x3  
  116  13:25  Zealot x5  
Tags
 
Add a new tag
Caveats
  • Supply blocks, unpowered buildings, or Contaminate may cause inaccurate times.
  • Supply counts are checked every 10 seconds.